 Dungeon Crawl Stone Soup version 0.24.0-123-gd5b16e6ec5 (webtiles) character file.

Game seed: 829431179505374813, levelgen mode: deterministic

3517 Delamore the Severer (level 10, -5/81 HPs)
             Began as a Hill Orc Fighter on Dec 23, 2019.
             Slain by Grum
             ... wielding a +1 spear
              (9 damage)
             ... on level 8 of the Dungeon.
             The game lasted 00:06:57 (6368 turns).

Delamore the Severer (Hill Orc Fighter)             Turns: 6368, Time: 00:06:57

Health: -5/81      AC: 16    Str: 28    XL:     10   Next: 8%
Magic:  19/19      EV:  5    Int:  8    God:
Gold:   341        SH: 10    Dex: 10    Spells: 9/9 levels left

rFire    + . .     SeeInvis .   A - +2 hand axe (vamp)
rCold    . . .     Gourm    .   c - +0 shield
rNeg     . . .     Faith    .   B - +1 plate armour {rF+}
rPois    +         Spirit   .   w - +0 hat of Hangman {MP+9 Str+5}
rElec    .         Reflect  .   p - +2 cloak {rPois}
rCorr    .         Harm     .   m - +0 pair of gloves
MR       .....                  (no boots)
Stlth    ..........             (no amulet)
HPRegen  0.23/turn              E - ring of wizardry
MPRegen  0.16/turn              (no ring)

@: flying
A: no striking features
a: no special abilities


You were on level 8 of the Dungeon.
You were not hungry.

You visited 2 branches of the dungeon, and saw 9 of its levels.

You collected 341 gold pieces.

Inventory:

Hand Weapons
 a - a +0 war axe
 A - a +2 vampiric hand axe (weapon)
Armour
 b - a +0 scale mail
 c - a +0 shield (worn)
 m - a +0 pair of gloves (worn)
 p - a +2 cloak of poison resistance (worn)
 w - the +0 hat of Hangman (worn) {MP+9 Str+5}
   (You found it on level 7 of the Dungeon)

   It affects your strength (+5).
   It affects your magic capacity (+9).
 B - a +1 plate armour of fire resistance (worn)
Jewellery
 E - a ring of wizardry (left hand)
Wands
 u - a wand of acid (8)
 y - a wand of paralysis (10)
 D - a wand of flame (25)
Scrolls
 e - 4 scrolls of blinking {unknown}
 g - 2 scrolls of amnesia {unknown}
 h - 3 scrolls of enchant armour {unknown}
 i - 2 scrolls of immolation {unknown}
 j - 6 scrolls of remove curse {unknown}
 k - 5 scrolls of fear {unknown}
 l - 10 scrolls of identify {unknown}
 n - 4 scrolls of teleportation {unknown}
 q - a scroll of random uselessness {unknown}
 r - 2 scrolls of magic mapping {unknown}
 v - a scroll of enchant weapon {unknown}
 x - a scroll of fog {unknown}
Potions
 d - a potion of might
 o - a potion of flight
 s - a potion of agility {unknown}
 t - 3 potions of cancellation {unknown}
 z - a potion of lignification {unknown}
 C - 4 potions of curing
Comestibles
 f - 14 rations
 F - 2 chunks of flesh


   Skills:
 + Level 5.4 Fighting
 + Level 16.6 Axes
 - Level 3.2 Armour
 - Level 3.2 Shields


You had 9 spell levels left.
You didn't know any spells.
Your spell library was empty.

Dungeon Overview and Level Annotations

Branches:
Dungeon (7/15)             Temple (1/1) D:5

Altars:
Ashenzari
Cheibriados
Dithmenos
Elyvilon
Fedhas
Gozag
Hepliaklqana
Kikubaaqudgha
Makhleb
Nemelex Xobeh
Qazlal
Ru
Sif Muna
Trog
Uskayaw
Vehumet
Wu Jian
Xom
Yredelemnul
The Shining One

Annotations:
D:6 3 runed translucent doors, Kobolds4U's ghost, novice TrMo
D:8 Grum


Message History

You hit the wolf but do no damage. The wolf bites you.
* * * LOW HITPOINT WARNING * * *
Unknown command.
You hit Grum.
Grum is lightly wounded.
You closely miss the wolf. Grum hits you with a +1 spear.
* * * LOW HITPOINT WARNING * * *
The wolf bites you.
* * * LOW HITPOINT WARNING * * *
Unknown command.
You hit Grum but do no damage.
Grum is lightly wounded.
You miss the wolf. The wolf bites you.
* * * LOW HITPOINT WARNING * * *
You block Grum's attack.
It was a potion of flight.
You feel very buoyant.
You fly up into the air.
The wolf bites you but does no damage. You block the wolf's attack.
Grum hits you with a +1 spear!
You die...

######
#....##############
+..!)..............
#.†..##############
#.@.)# #.hg.# ##########
...................###
...................#..
#....................#..
#########............#..
.............#..
#............#..
########..##


You could see Grum and a wolf.

Vanquished Creatures
  A hippogriff (D:6)
  Sigmund (D:5)
  A hungry ghost (D:6)
  Menkaure (D:4)
  2 ice beasts
  Duvessa (D:4)
  A black bear (D:8)
  2 orc warriors
  3 phantoms
  3 wolves (D:8)
  4 ogres
  3 centaurs
  Blork the orc (D:5)
  2 bullfrogs
  Dowan (D:4)
  4 scorpions
  2 crimson imps
  5 hounds
  2 bullfrog skeletons
  3 orc priests
  A jelly (D:7)
  6 orc wizards
  Jessica (D:5)
  3 worker ants
  2 hound skeletons
  A howler monkey zombie (D:7)
  7 adders
  A shadow imp (D:8)
  2 oozes
  4 worms
  2 dart slugs (D:2)
  2 leopard geckos
  14 orcs
  5 giant cockroaches
  11 goblins
  7 hobgoblins
  7 jackals (D:3)
  3 ball pythons
  3 bats
  3 frilled lizards
  7 kobolds
  A quokka skeleton (D:6)
  8 rats
144 creatures vanquished.

Notes
Turn   | Place    | Note
-------+----------+-------------------------------------------
     0 | D:1      | Delamore the Hill Orc Fighter began the quest for the Orb.
     0 | D:1      | Reached XP level 1. HP: 19/19 MP: 1/1
     9 | D:1      | Reached skill level 3 in Axes
    82 | D:1      | Reached XP level 2. HP: 25/26 MP: 2/2
   222 | D:1      | Reached skill level 4 in Axes
   556 | D:1      | Reached XP level 3. HP: 31/31 MP: 3/3
   932 | D:2      | Reached skill level 5 in Axes
   969 | D:2      | Found an ancient bone altar of Kikubaaqudgha.
  1023 | D:2      | Found a burning altar of Makhleb.
  1247 | D:2      | Found a snail-covered altar of Cheibriados.
  1321 | D:2      | Found an ornate altar of the Wu Jian Council.
  1364 | D:2      | Noticed a scorpion
  1366 | D:2      | Killed a scorpion
  1366 | D:2      | Reached skill level 6 in Axes
  1366 | D:2      | Reached XP level 4. HP: 39/39 MP: 4/4
  1865 | D:2      | Reached XP level 5. HP: 41/45 MP: 5/5
  1983 | D:3      | Reached skill level 7 in Axes
  2646 | D:4      | Noticed a phantom
  2659 | D:4      | Reached skill level 8 in Axes
  2659 | D:4      | Reached XP level 6. HP: 48/51 MP: 6/6
  2684 | D:4      | Killed a phantom
  2783 | D:4      | Noticed Menkaure
  2784 | D:4      | Noticed an ice beast
  2793 | D:4      | Killed Menkaure
  2793 | D:4      | Reached skill level 9 in Axes
  2793 | D:4      | Reached XP level 7. HP: 18/57 MP: 7/7
  2794 | D:4      | Reached skill level 10 in Axes
  3002 | D:4      | Noticed Dowan
  3149 | D:4      | Noticed Duvessa
  3160 | D:4      | Killed Dowan
  3163 | D:4      | Killed Duvessa
  3163 | D:4      | Reached skill level 11 in Axes
  3407 | D:4      | You fall into a shaft and drop 3 floors!
  3429 | D:7      | Reached XP level 8. HP: 55/64 MP: 8/8
  3439 | D:7      | Reached skill level 12 in Axes
  3715 | D:7      | Got a faintly glowing hat
  3725 | D:7      | Identified the +0 hat of Hangman {MP+9 Str+5} (You found it
                  | on level 7 of the Dungeon)
  3760 | D:6      | Noticed a hippogriff
  3771 | D:6      | Killed a hippogriff
  3843 | D:6      | Reached skill level 13 in Axes
  3984 | D:6      | Found a runed translucent gate.
  3985 | D:6      | Found a runed translucent gate.
  3986 | D:6      | Found a runed translucent gate.
  4017 | D:5      | Entered Level 5 of the Dungeon
  4026 | D:5      | Found a staircase to the Ecumenical Temple.
  4032 | D:5      | Noticed Sigmund
  4043 | Temple   | Entered the Ecumenical Temple
  4289 | D:5      | Killed Sigmund
  4389 | D:5      | Noticed Jessica
  4396 | D:5      | Killed Jessica
  4397 | D:5      | Found a shimmering blue altar of Sif Muna.
  4471 | D:5      | Noticed Blork the orc
  4477 | D:5      | Reached skill level 14 in Axes
  4477 | D:5      | Reached XP level 9. HP: 53/70 MP: 9/9
  4482 | D:5      | Killed Blork the orc
  4794 | D:5      | Found a white marble altar of Elyvilon.
  5015 | D:5      | Reached skill level 15 in Axes
  5392 | D:6      | Noticed Kobolds4U's ghost (novice TrMo)
  5849 | D:7      | Reached skill level 16 in Axes
  5874 | D:7      | Found a shimmering altar of Xom.
  5875 | D:7      | Found an opulent altar of Gozag.
  5876 | D:7      | Found a sparkling altar of Nemelex Xobeh.
  6145 | D:7      | You fall into a shaft and drop 1 floor!
  6336 | D:8      | Reached XP level 10. HP: 80/80 MP: 10/10
  6337 | D:8      | Noticed Grum
  6349 | D:8      | Reached skill level 5 in Fighting
  6367 | D:8      | HP: 4/81 [wolf[Grum] (4)]
  6368 | D:8      | Slain by Grum

Levels and vault maps discovered:
D:1:      dpeg_arrival_ratfight, layout_basic, serial_bayou_pond_e
D:2:      layout_basic, overflow_temple_1_default, kennysheep_slug_shrine,
          overflow_temple_1_default, kiku_gazebo_garden_becter,
          minmay_misc_feat_hallway, serial_bayou_lake_a
D:3:      layout_rooms
D:4:      layout_rooms, first_ration, uniq_duvessa, uniq_menkaure
D:5:      layout_loops_ring, lemuel_doored_altar, tgw_sif,
          minmay_temple_entry_glassed_door, uniq_sigmund, uniq_blork_the_orc
D:6:      layout_basic, ebering_ghost_rock_garden
D:7:      layout_layer_cave, grunt_temple_overflow_opulence,
          lemuel_crystal_altar, okawaru_humans, st_stairs_7, the_bakery
D:8:      layout_basic, nrook_mini_backslash, minmay_shop_grid_forest, uniq_grum
Temple:   minmay_temple_curvy_loop

Skill      XL: |  1  2  3  4  5  6  7  8  9 10 |
---------------+-------------------------------+-----
Axes           | 3 4 6 8 9 11 14 16 | 16.6
Fighting       | 4 5 |  5.4
Armour         | |  3.2
Shields        | |  3.2

Action                   |  1- 3 |  4- 6 |  7- 9 | 10-12 || total
-------------------------+-------+-------+-------+-------++-------
Melee: War axe           |   109 |   138 |   117 |       ||   364
       Hand axe          |       |       |   190 |    26 ||   216
  Use: Potion            |       |       |       |     1 ||     1
  Eat: Chunk             |     1 |     6 |     9 |       ||    16
       Ration            |       |       |     2 |       ||     2
Armor: Scale mail        |    33 |    63 |    47 |       ||   143
       Plate armour      |       |       |    62 |    33 ||    95
Dodge: Dodged            |    36 |    47 |    58 |    18 ||   159
Block: Shield            |    56 |    71 |   122 |    26 ||   275
